Map: Jagannatha LE

Players

MaxPax - Winner!

  • Race: Protoss Protoss

SKillous

  • Race: Protoss Protoss

Event: DreamHack SC2 Masters 2021 Fall

VOD

Have the link to the VOD?

Description

Time

  • Played on: Aug. 13, 2021, 9:31 a.m.
  • Length: 5:29

All games in this series

Show
View Real Time Build Order
Export as new Build Order

MaxPax Protoss - Winner!

Build Orders: 1 Gate Expand, Proxy Void Ray 

Get SALT Encoding   

  12  0:00  Probe  
  13  0:12  Probe  
  14  0:20  Pylon  
  14  0:24  Probe  
  15  0:38  Probe (Chrono Boost)  
  15  0:40  Gateway  
  16  0:47  Probe (Chrono Boost)  
  16  0:48  Assimilator  
  17  0:52  Probe (Chrono Boost)  
  18  1:04  Probe  
  19  1:16  Probe  
  20  1:23  Nexus  
  20  1:33  Cybernetics Core  
  20  1:37  Probe  
  21  1:43  Assimilator  
  21  1:49  Probe  
  21  1:53  Pylon  
  22  2:01  Probe  
  23  2:09  Adept (Chrono Boost)  
  23  2:13  Probe  
  26  2:21  Stargate  
  26  2:27  Probe  
  26  2:29  Stalker (Chrono Boost)  
  27  2:36  Probe  
  30  2:46  Shield Battery  
  30  2:52  Stalker (Chrono Boost)  
  32  3:00  Shield Battery  
  32  3:02  Void Ray (Chrono Boost)  
  32  3:04  Forge  
  36  3:26  Shield Battery  
  36  3:30  Void Ray (Chrono Boost)  
  36  3:39  Shield Battery  
  38  3:43  Photon Cannon  
  38  3:49  Photon Cannon  
  38  3:59  Void Ray  
  38  4:00  Pylon  
  42  4:13  Photon Cannon  
  42  4:21  Pylon  
  42  4:35  Void Ray (Chrono Boost), Photon Cannon  
  46  4:48  Shield Battery  
  46  4:51  Shield Battery  
  46  5:01  Cybernetics Core  
  46  5:10  Photon Cannon  
  50  5:27  Photon Cannon  
Show
View Real Time Build Order
Export as new Build Order

SKillous Protoss 

Build Orders: Proxy Void Ray 

Get SALT Encoding   

  12  0:00  Probe  
  13  0:12  Probe  
  14  0:18  Pylon  
  14  0:24  Probe (Chrono Boost)  
  15  0:37  Probe (Chrono Boost), Gateway  
  16  0:45  Probe (Chrono Boost)  
  16  0:48  Assimilator  
  17  0:51  Probe  
  17  0:55  Assimilator  
  18  1:03  Probe (Chrono Boost)  
  19  1:10  Gateway  
  19  1:14  Probe (Chrono Boost)  
  20  1:19  Probe (Chrono Boost)  
  20  1:25  Cybernetics Core  
  21  1:30  Probe  
  22  1:36  Pylon  
  22  1:42  Probe  
  23  1:56  Gateway  
  23  2:01  Stalker  
  25  2:05  Stalker  
  27  2:11  Pylon  
  27  2:14  Warp Gate  
  27  2:29  Stargate  
  27  2:33  Stalker  
  29  2:42  Stalker  
  31  3:04  Void Ray (Chrono Boost)  
  31  3:14  Pylon  
  35  3:31  Void Ray (Chrono Boost)  
  39  3:45  Shield Battery x2  
  39  3:51  Pylon  
  39  4:02  Stalker x2  
  43  4:05  Stalker  
  45  4:30  Stalker x2  
  49  4:35  Stalker  
  51  4:54  Stalker x2  
  51  4:57  Pylon  
  51  5:21  Stalker x3  

Tags
 
Add a new tag
Caveats
  • Supply blocks, unpowered buildings, or Contaminate may cause inaccurate times.
  • Supply counts are checked every 10 seconds.